[Event "Titled Tuesday Blitz June 13 Early 2023"]
[White "Babazada, Khazar"]
[Black "ArtemDyachuk"]
[WhiteFideId "13413554"]
[WhiteElo "2369"]
[BlackElo "2631"]
[Result "1-0"]
[Round "4"]
[TimeControl "180+2"]
[Date "2023.06.13"]
[WhiteClock "0:00:04"]
[BlackClock "0:00:00"]
[Board "19"]

1. Nf3 Nf6 2. d4 e6 3. Bf4 c5 4. e3 b6 5. Nbd2 Bb7 6. c3 Nc6 7. Bd3 Be7 8. h4 d6 9. h5 h6 10. Qe2 Qc7 11. O-O-O cxd4 12. exd4 Nd5 13. Bg3 O-O-O 14. Kb1 Kb8 15. Rhe1 Rhe8 16. Nc4 Bf6 17. Ne3 Nxe3 18. fxe3 e5 19. Bb5 Rf8 20. Nd2 Ne7 21. e4 Nc6 22. d5 Ne7 23. a4 Bg5 24. Bf2 f5 25. exf5 Nxd5 26. g3 Nxc3+ 27. bxc3 Qxc3 28. Nc4 Rc8 29. Nxd6 Bf3 30. Qb2 Bxd1 31. Rxd1 Qf3 32. Rd3 Qh1+ 33. Ka2 Rcd8 34. a5 e4 35. axb6 exd3 36. bxa7+ Ka8 37. Nc4 Qd5 38. Qb3 Qxf5 39. Nb6+ Kxa7 40. Qa4+ Kb8 41. Qa8+ Kc7 42. Qc6+ Kb8 43. Qa8+ Kc7 44. Qa7+ Kd6 45. Nc4+ Ke6 46. Bc5 Qf3 47. Qb6+ Kf5 48. Qg6+ Kg4 49. Ne5+ Kh3 50. Nxf3 Rxf3 51. Qe6+ Kg2 52. Bc6 d2 53. Qe2+ 1-0


[Site "https://www.chess.com"]

[Event "Titled Tuesday Blitz June 13 Early 2023"]
[White "Elsa167"]
[Black "Lehtosaari, Mauri"]
[BlackFideId "501999"]
[WhiteElo "2907"]
[BlackElo "2568"]
[Result "1-0"]
[Round "4"]
[TimeControl "180+2"]
[Date "2023.06.13"]
[WhiteClock "0:00:08"]
[BlackClock "0:00:03"]
[Board "20"]

1. d4 d5 2. c4 c6 3. cxd5 cxd5 4. Bf4 Nc6 5. e3 Nf6 6. Nc3 Bf5 7. Qb3 Na5 8. Qa4+ Bd7 9. Qc2 e6 10. Bd3 Be7 11. Nf3 O-O 12. O-O Rc8 13. Ne5 a6 14. Bg5 h6 15. Bh4 b5 16. Qe2 Nc4 17. a4 b4 18. Nb1 a5 19. Nxc4 dxc4 20. Bxc4 Bc6 21. Nd2 Qd7 22. Bxf6 Bxf6 23. b3 e5 24. dxe5 Bxe5 25. Rad1 Qf5 26. Nf3 Bb8 27. Nd4 Qe5 28. f4 Qe4 29. Nxc6 Qxc6 30. e4 Rcd8 31. e5 Ba7+ 32. Kh1 Qc5 33. h4 Qe3 34. Qxe3 Bxe3 35. g3 g6 36. Kg2 Kg7 37. Kf3 Bc5 38. Ke4 h5 39. Bd5 Rfe8 40. Rc1 Rc8 41. Rc4 Rc7 42. Rfc1 Rec8 43. Bb7 Rxb7 44. Rxc5 Rd8 45. Rc7 Rbb8 46. e6 Rf8 47. R1c5 Rbe8 48. Re5 Kf6 49. Rxf7+ Rxf7 50. exf7 Rc8 51. Rxa5 Kxf7 52. Rb5 1-0


[Site "https://www.chess.com"]

[Event "Titled Tuesday Blitz June 13 Early 2023"]
[White "Carlsen, Magnus"]
[Black "Chernobay, Artem"]
[WhiteFideId "1503014"]
[BlackFideId "4167406"]
[WhiteElo "2858"]
[BlackElo "2474"]
[Result "1-0"]
[Round "4"]
[TimeControl "180+2"]
[Date "2023.06.13"]
[WhiteClock "0:00:07"]
[BlackClock "0:00:00"]
[Board "21"]

1. d4 Nf6 2. Nc3 d5 3. Bf4 a6 4. e3 e6 5. g4 c5 6. g5 Nfd7 7. h4 Nc6 8. Nf3 b5 9. a3 Bb7 10. h5 h6 11. g6 f5 12. Ne2 Be7 13. c3 O-O 14. dxc5 Bxc5 15. b4 Bb6 16. Ned4 Qf6 17. Bg3 e5 18. Nxb5 Qe6 19. c4 d4 20. c5 Nxc5 21. Rc1 axb5 22. Bxb5 Ba6 23. Bxa6 Nxa6 24. b5 f4 25. Rxc6 Ba5+ 26. Kf1 Qd5 27. exf4 Qxb5+ 28. Kg1 Qxc6 29. Qb3+ Kh8 30. Nxe5 Qf6 31. Qd5 Nc7 32. Qxd4 Bb6 33. Qc4 Qe6 34. Qe4 Qd5 35. Qe2 Rae8 36. Kh2 Kg8 37. Rd1 Qe6 38. Qe4 Re7 39. Rc1 Nd5 40. Rc6 Qxc6 41. Qd3 Qe6 42. Nf7 Rfxf7 43. gxf7+ Qxf7 44. f5 Qxh5+ 45. Kg2 Qf7 46. a4 Re8 47. Qb5 Bd8 48. a5 1-0


[Site "https://www.chess.com"]

[Event "Titled Tuesday Blitz June 13 Early 2023"]
[White "Hafiz, Arif Abdul"]
[Black "Paravyan, David"]
[WhiteFideId "7104227"]
[BlackFideId "4194985"]
[WhiteElo "2198"]
[BlackElo "2563"]
[Result "0-1"]
[Round "4"]
[TimeControl "180+2"]
[Date "2023.06.13"]
[WhiteClock "0:00:28"]
[BlackClock "0:00:07"]
[Board "22"]

1. e4 e5 2. Nc3 Nf6 3. f4 d5 4. fxe5 Nxe4 5. Qf3 Nc6 6. Bb5 Nxc3 7. bxc3 Qh4+ 8. Qf2 Qxf2+ 9. Kxf2 Bd7 10. Nf3 Nxe5 11. Bxd7+ Nxd7 12. Re1+ Be7 13. Ba3 c5 14. d4 Nf6 15. c4 Ne4+ 16. Kg1 f5 17. cxd5 c4 18. Bxe7 Kxe7 19. Nd2 Kd6 20. Nxe4+ fxe4 21. Rxe4 Rae8 22. Rxe8 Rxe8 23. Kf2 Kxd5 24. c3 b5 25. Rb1 a6 26. a4 Kc6 27. axb5+ axb5 28. Re1 Rxe1 29. Kxe1 Kd5 30. Kd2 b4 31. cxb4 Kxd4 32. b5 Kc5 33. Kc3 Kxb5 34. g4 g5 35. Kc2 Kb4 36. Kb2 c3+ 37. Kc2 Kc4 38. Kc1 Kd3 39. Kd1 c2+ 40. Kc1 Kc3 41. h3 Kd3 42. h4 gxh4 0-1


[Site "https://www.chess.com"]

[Event "Titled Tuesday Blitz June 13 Early 2023"]
[White "Weetik, Vjacheslav"]
[Black "Pranesh M"]
[WhiteFideId "4153472"]
[BlackFideId "35028600"]
[WhiteElo "2469"]
[BlackElo "2437"]
[Result "0-1"]
[Round "4"]
[TimeControl "180+2"]
[Date "2023.06.13"]
[WhiteClock "0:00:00"]
[BlackClock "0:00:59"]
[Board "23"]

1. d4 Nf6 2. c4 e6 3. g3 d5 4. Nf3 Nc6 5. Bg2 dxc4 6. O-O Rb8 7. Nc3 a6 8. e4 Bb4 9. e5 Nd5 10. Ne4 Be7 11. h4 h6 12. Qe2 b5 13. Bd2 Bb7 14. b3 c3 15. Nxc3 Nxc3 16. Bxc3 Nb4 17. Bxb4 Bxb4 18. Rad1 O-O 19. Rd3 Qe7 20. Nh2 Bxg2 21. Kxg2 Rfd8 22. Rc1 Ba5 23. Qe4 Rd5 24. Ng4 Rbd8 25. Ne3 R5d7 26. d5 Bb6 27. Rcd1 Bxe3 28. fxe3 exd5 29. Rxd5 Rxd5 30. Rxd5 Rf8 31. Qf5 Qa3 32. Qc2 Qb4 33. Rd7 c5 34. Rc7 Rd8 35. Qxc5 Qe4+ 36. Kh3 Qf5+ 0-1


[Site "https://www.chess.com"]

[Event "Titled Tuesday Blitz June 13 Early 2023"]
[White "Wojtaszek, Radoslaw"]
[Black "Shimanov, Aleksandr"]
[WhiteFideId "1118358"]
[BlackFideId "4198603"]
[WhiteElo "2586"]
[BlackElo "2631"]
[Result "1/2-1/2"]
[Round "4"]
[TimeControl "180+2"]
[Date "2023.06.13"]
[WhiteClock "0:00:12"]
[BlackClock "0:00:04"]
[Board "24"]

1. c4 g6 2. Nf3 Bg7 3. d4 d6 4. Nc3 c5 5. e4 Bg4 6. d5 Bxc3+ 7. bxc3 e5 8. dxe6 fxe6 9. Be2 Bxf3 10. Bxf3 e5 11. Rb1 Qe7 12. Bg4 Nc6 13. O-O h6 14. f4 Nf6 15. f5 g5 16. Bh5+ Kd8 17. Bg6 Kc7 18. Qd3 b6 19. Be3 Rab8 20. Rbd1 Na5 21. h4 g4 22. h5 Rbd8 23. Bf2 Qg7 24. Bh4 Rhf8 25. Qe2 Rd7 26. Rd5 Nc6 27. Rfd1 Ne7 28. R5d2 Qg8 29. Bg3 Nc6 30. Bh4 Qg7 31. Bg3 Rfd8 32. Bh4 Rf8 33. Bg3 Na5 34. Bh4 Rfd8 35. Bg3 Qg8 36. Rd5 Nc6 37. Bh4 Qf8 38. Qe3 Na5 39. Qe2 Kc6 40. Bg3 Kc7 41. Bh4 Nb7 42. Bg3 Na5 43. Bh4 1/2-1/2


[Site "https://www.chess.com"]

[Event "Titled Tuesday Blitz June 13 Early 2023"]
[White "Csonka, Balazs"]
[Black "Bortnyk, Olexandr"]
[WhiteFideId "742910"]
[BlackFideId "14120828"]
[WhiteElo "2404"]
[BlackElo "2733"]
[Result "1-0"]
[Round "4"]
[TimeControl "180+2"]
[Date "2023.06.13"]
[WhiteClock "0:00:04"]
[BlackClock "0:00:38"]
[Board "25"]

1. d4 d6 2. e4 Nf6 3. Nc3 Nbd7 4. f4 e5 5. Nf3 exd4 6. Qxd4 c6 7. Bd2 d5 8. exd5 Bc5 9. Qd3 O-O 10. O-O-O Nb6 11. dxc6 Qc7 12. Ng5 Rd8 13. Qg3 Bf5 14. cxb7 Qxb7 15. Bb5 a6 16. Ba4 Nxa4 17. Nxa4 Rac8 18. Nxc5 Rxc5 19. Bc3 Rb8 20. Rd2 Bg6 21. Rhd1 Nd5 22. f5 h6 23. fxg6 fxg6 24. Rxd5 Rxd5 25. Rxd5 Rf8 26. Rd1 hxg5 27. Qxg5 Kh7 28. Qh4+ Kg8 29. Qg3 Qf7 30. b3 a5 31. Kb2 a4 32. Qd3 Qe7 33. Qd5+ Kh7 34. Rd3 a3+ 35. Kc1 Rf1+ 36. Rd1 Rf2 37. Kb1 Qe2 38. Qd3 Qxd3 39. cxd3 Rxg2 40. d4 Rxh2 41. d5 Rh1 42. Rxh1+ 1-0


[Site "https://www.chess.com"]

[Event "Titled Tuesday Blitz June 13 Early 2023"]
[White "Kamsky, Gata"]
[Black "Liyanage, Ranindu Dilshan"]
[WhiteFideId "2000024"]
[BlackFideId "9915834"]
[WhiteElo "2660"]
[BlackElo "2216"]
[Result "1-0"]
[Round "4"]
[TimeControl "180+2"]
[Date "2023.06.13"]
[WhiteClock "0:01:10"]
[BlackClock "0:01:06"]
[Board "26"]

1. d4 d5 2. Nf3 Nf6 3. Bf4 e6 4. e3 Bd6 5. Bg3 c5 6. c4 Nc6 7. Nc3 cxd4 8. Nxd4 Bxg3 9. hxg3 e5 10. Nxc6 bxc6 11. Bd3 d4 12. exd4 exd4 13. Qe2+ Qe7 14. Ne4 Nxe4 15. Qxe4 Rb8 16. O-O-O Qxe4 17. Bxe4 c5 18. Rh5 f5 19. Bxf5 Rf8 20. Re1+ Kf7 21. Bd3 Bb7 22. Rxc5 Kg8 23. f3 Rfe8 24. Rxe8+ Rxe8 25. Kd2 1-0


[Site "https://www.chess.com"]

[Event "Titled Tuesday Blitz June 13 Early 2023"]
[White "Wagner, Dennis"]
[Black "Kramnik, Vladimir"]
[WhiteFideId "24650684"]
[BlackFideId "4101588"]
[WhiteElo "2478"]
[BlackElo "2703"]
[Result "0-1"]
[Round "4"]
[TimeControl "180+2"]
[Date "2023.06.13"]
[WhiteClock "0:00:00"]
[BlackClock "0:00:14"]
[Board "27"]

1. e4 c5 2. Nf3 e6 3. d4 cxd4 4. Nxd4 Nf6 5. Nc3 Nc6 6. Be2 d6 7. Be3 Bd7 8. g4 h6 9. h4 Nxd4 10. Qxd4 e5 11. Qd1 Be7 12. Rg1 Nh7 13. Nb5 Bxb5 14. Bxb5+ Kf8 15. Qd5 Bxh4 16. Qxb7 Rb8 17. Qa6 Bg5 18. Bxa7 g6 19. Rd1 Kg7 20. Bxb8 Qxb8 21. Rxd6 Nf6 22. f3 Rc8 23. c3 Rd8 24. Rxd8 Qxd8 25. Rg2 h5 26. gxh5 Nxh5 27. Qa7 Bh4+ 0-1


[Site "https://www.chess.com"]

[Event "Titled Tuesday Blitz June 13 Early 2023"]
[White "Keymer, Vincent"]
[Black "Tristan, Leonardo"]
[WhiteFideId "12940690"]
[BlackFideId "113816"]
[WhiteElo "2669"]
[BlackElo "2461"]
[Result "1-0"]
[Round "4"]
[TimeControl "180+2"]
[Date "2023.06.13"]
[WhiteClock "0:00:17"]
[BlackClock "0:00:00"]
[Board "28"]

1. a3 d5 2. Nf3 Bf5 3. c4 e6 4. Qb3 Nc6 5. Qxb7 Nge7 6. cxd5 exd5 7. e3 Rb8 8. Qa6 g5 9. Nxg5 Bg7 10. Nf3 Bxb2 11. Bxb2 Rxb2 12. Nc3 O-O 13. Bb5 d4 14. Nd1 Rb3 15. Bxc6 Rb6 16. Qa5 dxe3 17. Nxe3 Rxc6 18. Nxf5 Nxf5 19. Qxf5 Re8+ 20. Kf1 Rf6 21. Qg4+ Kf8 22. Qd4 Rd6 23. Qh8+ Ke7 24. Qxh7 Re6 25. g3 Qd5 26. Kg2 Rf6 27. Rhe1+ Kd7 28. Qh3+ Ree6 29. Qg4 Rg6 30. Qd4 1-0


[Site "https://www.chess.com"]

[Event "Titled Tuesday Blitz June 13 Early 2023"]
[White "Gorovets, Andrey"]
[Black "Skvortsov, Andrei"]
[WhiteFideId "13504037"]
[BlackFideId "24108600"]
[WhiteElo "2459"]
[BlackElo "2259"]
[Result "0-1"]
[Round "4"]
[TimeControl "180+2"]
[Date "2023.06.13"]
[WhiteClock "0:00:00"]
[BlackClock "0:00:16"]
[Board "29"]

1. c4 g6 2. e4 Bg7 3. d4 e6 4. Nf3 Ne7 5. Bf4 d5 6. e5 dxc4 7. Bxc4 Nbc6 8. Nc3 Nf5 9. d5 exd5 10. Bxd5 O-O 11. O-O Be6 12. Re1 Re8 13. Bxc6 bxc6 14. Qa4 c5 15. Bg5 Qb8 16. Ne4 Qxb2 17. Nxc5 h6 18. Reb1 Qe2 19. Re1 Qb2 20. Reb1 Qxa1 21. Rxa1 hxg5 22. Re1 Bd5 23. Nxg5 Bxe5 24. Qd7 c6 25. Qb7 Bf6 26. Nge4 Bd4 27. Qb1 Rab8 28. Qc1 Kg7 29. g3 Rb2 0-1


[Site "https://www.chess.com"]

[Event "Titled Tuesday Blitz June 13 Early 2023"]
[White "Talibov, Shiroghlan"]
[Black "Orlov, Georgi"]
[WhiteFideId "13429078"]
[BlackFideId "2011271"]
[WhiteElo "2274"]
[BlackElo "2647"]
[Result "1-0"]
[Round "4"]
[TimeControl "180+2"]
[Date "2023.06.13"]
[WhiteClock "0:01:05"]
[BlackClock "0:00:00"]
[Board "30"]

1. d4 Nf6 2. c4 Nc6 3. Nf3 e6 4. a3 d6 5. Nc3 g6 6. e4 Bg7 7. Be2 O-O 8. h3 Re8 9. Be3 e5 10. d5 Nd4 11. O-O Nxe2+ 12. Qxe2 Nh5 13. Qd2 f5 14. Bg5 Qd7 15. Bh6 f4 16. Bxg7 Qxg7 17. Nh2 Nf6 18. f3 h5 19. Kf2 g5 20. Rh1 a6 21. Rag1 Rf8 22. Ke1 Nd7 23. g3 Kh8 24. h4 g4 25. gxf4 exf4 26. fxg4 f3 27. Kf2 Nc5 28. gxh5 Qh7 29. Rg6 1-0


[Site "https://www.chess.com"]

[Event "Titled Tuesday Blitz June 13 Early 2023"]
[White "Vignesh N R"]
[Black "Arabidze, Meri"]
[WhiteFideId "25012215"]
[BlackFideId "13604040"]
[WhiteElo "2415"]
[BlackElo "2405"]
[Result "0-1"]
[Round "4"]
[TimeControl "180+2"]
[Date "2023.06.13"]
[WhiteClock "0:00:18"]
[BlackClock "0:01:53"]
[Board "31"]

1. e4 c5 2. Nf3 e6 3. d4 cxd4 4. Nxd4 Nc6 5. Nc3 a6 6. Nxc6 bxc6 7. Bd3 d5 8. O-O Nf6 9. Qe2 Be7 10. Rd1 O-O 11. Na4 Qc7 12. c4 Bb7 13. Bd2 dxe4 14. Bxe4 Nxe4 15. Qxe4 c5 16. Qg4 h5 17. Qh3 Rad8 18. Be3 h4 19. b3 Rxd1+ 20. Rxd1 Rd8 21. Qg4 h3 22. Rxd8+ Qxd8 23. gxh3 Qd3 24. Bc1 Bf3 25. Nb2 Qe2 0-1


[Site "https://www.chess.com"]

[Event "Titled Tuesday Blitz June 13 Early 2023"]
[White "Molina, Roberto Junio Brito"]
[Black "Arencibia Monduy, Antonio"]
[WhiteFideId "2109450"]
[BlackFideId "3507939"]
[WhiteElo "2376"]
[BlackElo "2571"]
[Result "1-0"]
[Round "4"]
[TimeControl "180+2"]
[Date "2023.06.13"]
[WhiteClock "0:00:03"]
[BlackClock "0:00:00"]
[Board "32"]

1. d4 Nf6 2. c4 e6 3. Nf3 d5 4. Nc3 Be7 5. Bg5 Ne4 6. Bxe7 Qxe7 7. e3 Nxc3 8. bxc3 O-O 9. Bd3 dxc4 10. Bxc4 c5 11. O-O b6 12. Qe2 Bb7 13. e4 cxd4 14. cxd4 Nc6 15. Rad1 Rac8 16. Rfe1 Rfd8 17. h3 Qb4 18. d5 Na5 19. Ba6 Bxa6 20. Qxa6 exd5 21. exd5 Rc7 22. d6 Rcd7 23. Rd4 Qc5 24. Red1 h6 25. Rd5 Qc8 26. Qxc8 Rxc8 27. Ne5 Rdd8 28. f4 Nb7 29. R1d2 f6 30. Ng6 Kf7 31. f5 Rc6 32. d7 Rc7 33. Nf4 Nc5 34. Rc2 Rcxd7 35. Rxd7+ Rxd7 36. Kf2 Rd5 37. g4 Rd4 38. Ke3 Re4+ 39. Kf3 Ra4 40. Rd2 Ra3+ 41. Kg2 Ra4 42. Ng6 Re4 43. Kf3 Re8 44. Rd6 Rc8 45. Rd4 1-0


[Site "https://www.chess.com"]

[Event "Titled Tuesday Blitz June 13 Early 2023"]
[White "Yeletsky, Ivan"]
[Black "Mendez Fortes, Eduardo Jesus"]
[WhiteFideId "24180327"]
[BlackFideId "3502376"]
[WhiteElo "2380"]
[BlackElo "2307"]
[Result "1-0"]
[Round "4"]
[TimeControl "180+2"]
[Date "2023.06.13"]
[WhiteClock "0:00:11"]
[BlackClock "0:00:13"]
[Board "33"]

1. d4 Nf6 2. Nd2 d5 3. Ngf3 Bf5 4. c4 c6 5. Nh4 Bg6 6. Qb3 Qb6 7. Qh3 Nbd7 8. Nxg6 fxg6 9. e3 Kf7 10. Nf3 Qb4+ 11. Bd2 Qxb2 12. Rd1 h6 13. cxd5 cxd5 14. Bd3 e6 15. Rb1 Qa3 16. Rb3 Qxa2 17. Rxb7 Bd6 18. Ne5+ Bxe5 19. dxe5 Qa1+ 20. Ke2 Qxe5 21. Rc1 Rhb8 22. Rcc7 Rxb7 23. Rxb7 Qd6 24. Bb5 Rb8 25. Rxb8 Qxb8 26. Bd3 Qd6 27. Qh4 Nc5 28. Qb4 Qb6 29. Bb5 Nfe4 30. Be1 a6 31. Be8+ Kxe8 32. Qxb6 Nd7 33. Qxe6+ Kd8 34. Qxd5 Nf6 35. Qa8+ 1-0


[Site "https://www.chess.com"]

[Event "Titled Tuesday Blitz June 13 Early 2023"]
[White "Chigaev, Maksim"]
[Black "Hajiyev, Kanan"]
[WhiteFideId "4108116"]
[BlackFideId "13404148"]
[WhiteElo "2561"]
[BlackElo "2115"]
[Result "1-0"]
[Round "4"]
[TimeControl "180+2"]
[Date "2023.06.13"]
[WhiteClock "0:00:20"]
[BlackClock "0:00:00"]
[Board "34"]

1. d4 Nf6 2. c4 e6 3. g3 Bb4+ 4. Bd2 Bxd2+ 5. Qxd2 O-O 6. Bg2 d5 7. Nf3 Ne4 8. Qc2 c6 9. O-O Nd7 10. Nbd2 Ndf6 11. b4 a5 12. a3 Bd7 13. e3 Qe7 14. Nxe4 Nxe4 15. Ne5 Nd6 16. b5 Nxc4 17. Nxc4 dxc4 18. bxc6 Bxc6 19. Bxc6 bxc6 20. Qxc4 Rfc8 21. Rfc1 a4 22. Qc5 Qd7 23. Rab1 g6 24. Rb6 Rab8 25. Ra6 Ra8 26. Rxc6 Rxc6 27. Qxc6 Qxc6 28. Rxc6 h5 29. h3 Ra7 30. Kg2 Kf8 31. g4 hxg4 32. hxg4 Ke7 33. g5 Kd7 34. Rc4 Ra5 35. f4 Kd6 36. Kf3 Ra7 37. Ke4 Ra5 38. Rb4 Ra7 39. Kd3 Kc6 40. Kc4 Ra8 41. e4 Ra7 42. d5+ exd5+ 43. exd5+ Kc7 44. Kd4 Kd6 45. Rb6+ Kc7 46. Rf6 Kd8 47. Rd6+ Ke7 48. Ke5 Ra5 49. Rb6 Ra7 50. d6+ Kd7 51. Kf6 Ra5 52. Kxf7 Rf5+ 53. Kxg6 Rxf4 54. Ra6 Rg4 55. Kf6 Rf4+ 56. Kg7 Rg4 57. g6 Rf4 58. Kg8 Rg4 59. g7 Rh4 60. Kf7 Rf4+ 61. Kg6 Rg4+ 62. Kf6 Rg3 63. Ra8 Rf3+ 64. Ke5 Rg3 65. g8=Q 1-0


[Site "https://www.chess.com"]

[Event "Titled Tuesday Blitz June 13 Early 2023"]
[White "a-z30"]
[Black "Miladinovic, Igor"]
[BlackFideId "4203380"]
[WhiteElo "2450"]
[BlackElo "2568"]
[Result "0-1"]
[Round "4"]
[TimeControl "180+2"]
[Date "2023.06.13"]
[WhiteClock "0:00:00"]
[BlackClock "0:01:04"]
[Board "35"]

1. d3 d5 2. Nf3 Nc6 3. g3 e5 4. Bg2 f6 5. O-O Be6 6. e4 Qd7 7. Nc3 d4 8. Nd5 Nge7 9. c4 dxc3 10. Nxc3 O-O-O 11. Be3 Qxd3 12. Qa4 Qc4 13. Qxc4 Bxc4 14. Rfc1 Be6 15. b4 Kb8 16. Rd1 Re8 17. a3 Nc8 18. Nd5 Nb6 19. Rac1 Be7 20. Nd2 Bd8 21. Nb3 Ne7 22. Nxe7 Bxb3 0-1


[Site "https://www.chess.com"]

[Event "Titled Tuesday Blitz June 13 Early 2023"]
[White "Sadhwani, Raunak"]
[Black "Nagare Kaivalya Sandip"]
[WhiteFideId "35093487"]
[BlackFideId "25957929"]
[WhiteElo "2631"]
[BlackElo "2024"]
[Result "1-0"]
[Round "4"]
[TimeControl "180+2"]
[Date "2023.06.13"]
[WhiteClock "0:00:06"]
[BlackClock "0:00:06"]
[Board "36"]

1. b4 e5 2. Bb2 Bxb4 3. Bxe5 Nf6 4. Nf3 Nc6 5. Bb2 O-O 6. e3 d5 7. Be2 Bg4 8. O-O Re8 9. h3 Bh5 10. d3 Bd6 11. Nbd2 a5 12. Rb1 Rb8 13. a4 Nd7 14. Nd4 Bxe2 15. Qxe2 Nxd4 16. Bxd4 c5 17. Ba1 b6 18. Qf3 Qg5 19. g3 Ne5 20. Qxd5 Rbd8 21. Qg2 Qh5 22. Rxb6 Qe2 23. Ne4 Nf3+ 24. Kh1 Ne1 25. Rxe1 Qxe1+ 26. Qg1 Qxg1+ 27. Kxg1 Bf8 28. Bc3 c4 29. Bd4 cxd3 30. cxd3 Rb8 31. Ra6 Ra8 32. Rxa8 Rxa8 33. Nc3 Rc8 34. Nd5 Rc2 35. Bc3 Ra2 36. Bxa5 Rxa4 37. Bc3 f6 38. e4 Kf7 39. Kg2 Bc5 40. Kf3 Be7 41. d4 Ra2 42. Ke3 Ke6 43. Nf4+ Kd7 44. Nd5 Bd6 45. f4 Rh2 46. h4 Rg2 47. Kf3 Rc2 48. Be1 Ke6 49. Ne3 Ra2 50. h5 Ra3 51. Ke2 Ra2+ 52. Kf3 Ra3 53. Bf2 Bb4 54. Ke2 Ra2+ 55. Kf1 Ra1+ 56. Kg2 Be1 57. d5+ Kf7 58. Nc2 Bxf2 59. Nxa1 Bc5 60. Nc2 g6 61. hxg6+ hxg6 62. Kf3 Bd6 63. Ne3 Ke7 64. Nc4 1-0


[Site "https://www.chess.com"]

[Event "Titled Tuesday Blitz June 13 Early 2023"]
[White "Lazavik, Denis"]
[Black "Kvaloy, Aksel Bu"]
[WhiteFideId "13515110"]
[BlackFideId "1528815"]
[WhiteElo "2560"]
[BlackElo "2318"]
[Result "1-0"]
[Round "4"]
[TimeControl "180+2"]
[Date "2023.06.13"]
[WhiteClock "0:00:06"]
[BlackClock "0:00:16"]
[Board "37"]

1. d4 Nf6 2. c4 e6 3. Nf3 d5 4. g3 Be7 5. Bg2 O-O 6. O-O dxc4 7. Qc2 a6 8. a4 Nc6 9. Qxc4 Na5 10. Qc2 b6 11. Ne5 Bb7 12. Bxb7 Nxb7 13. Rd1 Rc8 14. Nc6 Qe8 15. Bg5 h6 16. Bxf6 Bxf6 17. e3 Nc5 18. Nb4 a5 19. dxc5 axb4 20. Nd2 Qc6 21. Rac1 Qxc5 22. Qxc5 bxc5 23. b3 Bc3 24. Ne4 c4 25. Nxc3 bxc3 26. bxc4 Ra8 27. Rxc3 Rxa4 28. Rd7 Rc8 29. c5 c6 30. Kg2 h5 31. h4 g6 32. Kf3 Kg7 33. e4 Kf6 34. e5+ Kxe5 35. Rxf7 Rca8 36. Re3+ Kd5 37. Rf6 Kxc5 38. Rexe6 Rc8 39. Rxg6 Rd4 40. Rg5+ Rd5 41. Ree5 Rxe5 42. Rxe5+ Kd4 43. Rxh5 c5 44. Rh7 c4 45. Rd7+ Kc3 46. h5 Kb2 47. Rb7+ Kc2 48. h6 Rh8 49. h7 Kd2 50. Rd7+ Kc2 51. g4 c3 52. g5 Kb1 53. g6 c2 54. Rb7+ Ka1 55. Rc7 1-0


[Site "https://www.chess.com"]

[Event "Titled Tuesday Blitz June 13 Early 2023"]
[White "Moral Garcia, Serafin"]
[Black "Erigaisi Arjun"]
[WhiteFideId "2201925"]
[BlackFideId "35009192"]
[WhiteElo "2274"]
[BlackElo "2719"]
[Result "0-1"]
[Round "4"]
[TimeControl "180+2"]
[Date "2023.06.13"]
[WhiteClock "0:01:38"]
[BlackClock "0:02:21"]
[Board "38"]

1. e4 d6 2. d4 g6 3. Nc3 Bg7 4. f4 a6 5. Nf3 b5 6. Bd3 Nd7 7. Qe2 c5 8. e5 cxd4 9. Qe4 Rb8 10. Qxd4 Bb7 11. O-O dxe5 12. fxe5 Nxe5 13. Qa7 Nxf3+ 14. gxf3 Bd4+ 0-1


[Site "https://www.chess.com"]

[Event "Titled Tuesday Blitz June 13 Early 2023"]
[White "Bok, Benjamin"]
[Black "Iskusnyh, Sergei"]
[WhiteFideId "1017063"]
[BlackFideId "4120027"]
[WhiteElo "2657"]
[BlackElo "2492"]
[Result "1-0"]
[Round "4"]
[TimeControl "180+2"]
[Date "2023.06.13"]
[WhiteClock "0:00:16"]
[BlackClock "0:00:00"]
[Board "39"]

1. d4 d5 2. c4 c6 3. Nf3 Nf6 4. cxd5 cxd5 5. Nc3 Nc6 6. Bf4 a6 7. Rc1 Bf5 8. e3 e6 9. Qb3 Ra7 10. Be2 Bd6 11. Bxd6 Qxd6 12. O-O O-O 13. Na4 Nd7 14. Nc5 Nxc5 15. Rxc5 Bg4 16. Qb6 Bxf3 17. Bxf3 Raa8 18. Qxb7 Ne5 19. Qc7 Nxf3+ 20. gxf3 Qxc7 21. Rxc7 Rfb8 22. Rfc1 g6 23. b3 a5 24. Rd7 a4 25. Rcc7 axb3 26. axb3 Rf8 27. Rb7 Ra2 28. b4 Rb2 29. b5 Kg7 30. b6 Kf6 31. f4 h6 32. h4 g5 33. fxg5+ hxg5 34. h5 g4 35. h6 Kg6 36. h7 Kxh7 37. Rxf7+ Rxf7 38. Rxf7+ Kg6 39. Rb7 g3 40. fxg3 Kf5 41. Rb8 Ke4 42. b7 Kxe3 43. g4 Kxd4 44. g5 e5 45. g6 e4 46. g7 e3 47. g8=Q e2 48. Kf2 1-0


[Site "https://www.chess.com"]

[Event "Titled Tuesday Blitz June 13 Early 2023"]
[White "Madaminov, Mukhiddin"]
[Black "Mhango, Banele"]
[WhiteFideId "14210703"]
[BlackFideId "14327040"]
[WhiteElo "2511"]
[BlackElo "2204"]
[Result "1-0"]
[Round "4"]
[TimeControl "180+2"]
[Date "2023.06.13"]
[WhiteClock "0:02:43"]
[BlackClock "0:02:04"]
[Board "40"]

1. Nf3 Nf6 2. c4 g6 3. d4 Bg7 4. g3 O-O 5. Bg2 d6 6. O-O Nc6 7. Nc3 e5 8. dxe5 Nxe5 9. Nxe5 dxe5 10. Bg5 Qxd1 11. Rfxd1 c6 12. Na4 h6 13. Bxf6 Bxf6 14. Nc5 Be7 15. Nxb7 Bxb7 16. Rd7 Ba6 17. Rxe7 Bxc4 18. Rxe5 1-0


[Site "https://www.chess.com"]

[Event "Titled Tuesday Blitz June 13 Early 2023"]
[White "robertoalejandro10"]
[Black "Sjugirov, Sanan"]
[BlackFideId "4189302"]
[WhiteElo "2595"]
[BlackElo "2569"]
[Result "0-1"]
[Round "4"]
[TimeControl "180+2"]
[Date "2023.06.13"]
[WhiteClock "0:00:06"]
[BlackClock "0:00:06"]
[Board "41"]

1. Nf3 Nf6 2. b3 d5 3. Bb2 Bf5 4. g3 e6 5. c4 c6 6. Bg2 h6 7. O-O Be7 8. d3 O-O 9. Nbd2 Bh7 10. a3 a5 11. Ra2 Nbd7 12. Qa1 Re8 13. Ne5 Bf8 14. Rc1 Nxe5 15. Bxe5 Nd7 16. Bc3 Qb6 17. b4 axb4 18. axb4 Rxa2 19. Qxa2 c5 20. b5 d4 21. Ba5 Qa7 22. b6 Nxb6 23. Rb1 Ra8 24. Nb3 Qa6 25. Qc2 Nxc4 26. Nxd4 Na3 27. Bxb7 Nxc2 28. Bxa6 Nxd4 29. Rb6 Nxe2+ 30. Kg2 Nd4 31. Bd2 Bg6 32. Bb7 Rb8 33. Bf4 Rxb7 34. Rxb7 f6 35. Rb8 e5 36. Be3 Bxd3 37. Bxd4 cxd4 38. Rd8 Be4+ 39. f3 Bg6 40. h4 h5 41. g4 hxg4 42. fxg4 Bc2 43. Kg3 d3 44. g5 fxg5 45. hxg5 Kf7 46. Kf3 Bb4 47. Ke4 d2+ 48. Kxe5 d1=Q 49. Rxd1 Bxd1 0-1


[Site "https://www.chess.com"]

[Event "Titled Tuesday Blitz June 13 Early 2023"]
[White "Kevlishvili, Robby"]
[Black "Becerra, Juan David"]
[WhiteFideId "1040634"]
[BlackFideId "4404998"]
[WhiteElo "2572"]
[BlackElo "2304"]
[Result "1-0"]
[Round "4"]
[TimeControl "180+2"]
[Date "2023.06.13"]
[WhiteClock "0:00:14"]
[BlackClock "0:00:14"]
[Board "42"]

1. e4 e5 2. Nf3 Nc6 3. Bb5 f5 4. Nc3 fxe4 5. Nxe4 Nf6 6. Qe2 Be7 7. d4 exd4 8. Nxf6+ gxf6 9. Nh4 O-O 10. Bh6 Bb4+ 11. Kf1 Rf7 12. Qg4+ Kh8 13. Qh5 Qe8 14. Bc4 d5 15. Bxd5 Re7 16. Qxe8+ Rxe8 17. a3 Bf8 18. Bxf8 Rxf8 19. Nf3 Rd8 20. Be4 Ne5 21. Nxe5 fxe5 22. Ke2 c6 23. Kd3 Be6 24. Raf1 c5 25. f4 c4+ 26. Kd2 Bd5 27. Bxd5 Rxd5 28. fxe5 Rxe5 29. Rf4 Rd8 30. Rhf1 Re7 31. Rf8+ Rxf8 32. Rxf8+ Kg7 33. Rd8 Rf7 34. Rxd4 Rf2+ 35. Kc3 Rxg2 36. Rd7+ Kg6 37. Rxb7 Rxh2 38. Rxa7 h5 39. a4 h4 40. a5 h3 41. Ra8 Kg7 42. Re8 Rg2 43. Re1 h2 44. Rh1 Kf7 45. a6 Ke7 46. a7 Rg8 47. Rxh2 Kd6 48. Rh6+ Kc7 49. Ra6 Ra8 50. Kxc4 Kb7 51. Kb5 1-0


[Site "https://www.chess.com"]